 Dungeon Crawl Stone Soup version 0.31.0-9-g3a7656b989 (webtiles) character file.

Game seed: 4589833862382205281

21 qw the Shooter (level 2, -5/24 HPs)
             Began as a Demigod Hunter on Feb 2, 2024.
             Slain by Crazy Yiuf
             ... wielding a +4 quarterstaff of chaos
              (17 damage)
             ... on level 2 of the Dungeon.
             The game lasted 00:00:02 (694 turns).

qw the Shooter (Demigod Hunter)                      Turns: 694, Time: 00:00:02

Health: -5/24      AC:  3    Str: 12    XL:     2   Next: 45%
Magic:  4/4        EV: 12    Int: 11    God:
Gold:   32         SH:  0    Dex: 17    Spells: 1/1 levels left

rFire   . . .        a - +0 shortbow
rCold   . . .        (shield currently unavailable)
rNeg    . . .        c - +0 leather armour
rPois   .            (no helmet)
rElec   .            (no cloak)
rCorr   .            (no gloves)
SInv    .            (no boots)
Will    .....        (no amulet)
Stlth   ++           (no ring)
HPRegen 0.24/turn    (no ring)
MPRegen 0.09/turn

%: no passive effects
@: no status effects
A: high MP 1, forlorn, divine attributes
a: no special abilities


You were on level 2 of the Dungeon.
You visited 1 branch of the dungeon, and saw 2 of its levels.

You collected 32 gold pieces.


Innate Abilities, Weirdness & Mutations

You have an increased reservoir of magic. (+10% MP)
You shall have no god before yourself.
Your divine heritage dramatically boosts your attributes as you level up.


   Skills:
 - Level 2.0 Fighting
 + Level 4.2 Ranged Weapons
 - Level 1.7 Dodging
 - Level 0.8 Stealth


You had one spell level left.
You didn't know any spells.
Your spell library was empty.

Inventory:

Hand Weapons
 a - a +0 shortbow (weapon)
Armour
 c - a +0 leather armour (worn)
Scrolls
 d - a scroll of teleportation
Potions
 i - a potion of lignification {unknown}
 j - a potion of heal wounds

Dungeon Overview and Level Annotations

Branches:
Dungeon (2/15)

Annotations:
D:2 1 runed translucent door, Crazy Yiuf


Message History

669 ||| DRINKING 2 metallic grey potions.
It was a potion of heal wounds.
You feel much better.
Done exploring.
670 ||| DROPPING scroll of butterflies.
You drop a scroll of butterflies.
Done exploring.
What level of the Dungeon? (default 1, ? - help)
You see here a +0 leather armour.
Things that are here:
a +0 dagger; a +0 short sword
There is a stone staircase leading down, spattered with blood here.
You climb downwards.
There is a stone staircase leading up here.
A ball python is nearby!
Waypoint 1 assigned to D:2.
You shoot an arrow. The arrow hits the ball python.
The ball python hisses angrily.
The ball python is heavily wounded.
You shoot an arrow. The arrow hits the ball python.
You kill the ball python!
As you open the door, it creaks loudly!
You hear a shout!
An endoplasm comes into view.
You shoot an arrow. The arrow barely misses the endoplasm.
The endoplasm quivers.
You shoot an arrow. The arrow hits the endoplasm.
You kill the endoplasm!
Found an escape hatch in the ceiling.
A malevolent force fills the Dungeon... and a teleportation trap spontaneously manifests!
You are yanked towards a nearby monster!
Your surroundings suddenly seem different.
Crazy Yiuf the Enlightened comes into view.
He is wielding a +4 quarterstaff of chaos.
Found an ichor-stained hammer.
Crazy Yiuf shouts!
You shoot an arrow. The arrow hits Crazy Yiuf.
Crazy Yiuf is moderately wounded.
Crazy Yiuf hits you with a +4 quarterstaff of chaos!
Ouch! That really hurt!
You shoot an arrow. The arrow hits Crazy Yiuf!
Crazy Yiuf is severely wounded.
Crazy Yiuf hits you with a +4 quarterstaff of chaos!
Ouch! That really hurt!
You die...

#####
#..)#
#.g.#
#.@.#
##+##
#.#
.## .
.# #


You could see Crazy Yiuf.

Vanquished Creatures
  A dart slug (D:1)
  An endoplasm (D:2)
  A giant cockroach (D:1)
  2 goblins (D:1)
  A hobgoblin (D:1)
  A jackal (D:1)
  A kobold (D:1)
  4 ball pythons
  4 bats (D:1)
  A rat (D:1)
17 creatures vanquished.

Notes
Turn   | Place    | Note
-------+----------+-------------------------------------------
     0 | D:1      | qw the Demigod Hunter began the quest for the Orb.
     0 | D:1      | Reached XP level 1. HP: 17/17 MP: 3/3
     0 | D:1      | 0 ||| qw: Version: 0.3-a-155-g5e7d8dd
     0 | D:1      | 0 ||| qw: Game counter: 11
     0 | D:1      | 0 ||| qw: Melee chars always use a shield: true
     0 | D:1      | 0 ||| qw: God list: Okawaru
     0 | D:1      | 0 ||| qw: Allow faded altars: false
     0 | D:1      | 0 ||| qw: Do Orc after clearing Dungeon:15 true
     0 | D:1      | 0 ||| qw: Do second Lair branch before Depths: true
     0 | D:1      | 0 ||| qw: Lair rune preference: random
     0 | D:1      | 0 ||| qw: Goals: Normal
     0 | D:1      | 0 ||| PLANNING D:1-11
   117 | D:1      | 117 ||| RETREEEEATING.
   120 | D:1      | 120 ||| RETREEEEATING.
   131 | D:1      | Reached skill level 4 in Ranged Weapons
   159 | D:1      | Reached XP level 2. HP: 18/24 MP: 4/4
   518 | D:1      | 518 ||| READING 2 scrolls labelled QUECEYL ETZOUSS.
   521 | D:1      | 521 ||| READING scroll labelled KEIC SOTTITE.
   522 | D:1      | 522 ||| READING scroll labelled XOMOPH QOLUF.
   623 | D:1      | 623 ||| READING scroll labelled ONUENO GYC AKEUGG.
   623 | D:1      | 623 ||| ENCHANTING +0 shortbow.
   624 | D:1      | 624 ||| READING scroll labelled NEHUATSAY.
   669 | D:1      | 669 ||| DRINKING 2 metallic grey potions.
   670 | D:1      | 670 ||| DROPPING scroll of butterflies.
   692 | D:2      | Found a runed translucent door.
   692 | D:2      | Noticed Crazy Yiuf
   694 | D:2      | Slain by Crazy Yiuf

Levels and vault maps discovered:
D:1:      minmay_arrival_cross, layout_basic, minmay_vboxes
D:2:      layout_basic, ebering_ecumenical_altar_rust, basic_altar,
          uniq_crazy_yiuf_cottage

Skill      XL: |  1 |
---------------+----+-----
Ranged Weapons | 4 |  4.2
Fighting       | 2 |  2.0
Dodging        | |  1.7
Stealth        | |  0.8

Action                     || total
---------------------------++-------
   Fire: Shortbow          ||    51
    Use: Scroll            ||     5
         Potion            ||     1
 Armour: Leather armour    ||    19
  Dodge: Dodged            ||    25

Table legend:
 A = Non-vault XP
 B = Vault XP
 C = Vault XP percentage of total XP
 D = Non-vault monster count
 E = Vault monster count
 F = Vault count percentage of total count
                 A         B        C        D         E       F
            +---------+---------+-------+---------+---------+-------
      Total |      16 |      14 |  46.7 |      10 |       7 |  41.2
            +---------+---------+-------+---------+---------+-------
        D:1 |      12 |      14 |  53.8 |       8 |       7 |  46.7
        D:2 |       4 |       0 |   0.0 |       2 |       0 |   0.0
            +---------+---------+-------+---------+---------+-------
